 Dungeon Sprint DCSS version 0.19-a0-1195-ge0bab27 (webtiles) character file.

20601 Deeps the Executioner (level 12, -16/144 HPs)
             Began as a Deep Dwarf Fighter on Aug 19, 2016.
             Was the Champion of Makhleb.
             Demolished by a death cob (17 damage)
             ... in the Dungeon (Sprint VII: "The Pits").
             The game lasted 00:10:30 (1205 turns).

Deeps the Executioner (Deep Dwarf Fighter)          Turns: 1205, Time: 00:10:31

Health: -16/144    AC: 20    Str: 34    XL:     12   Next: 46%
Magic:  9/9        EV:  8    Int:  8    God:    Makhleb [******]
Gold:   64         SH:  0    Dex: 12    Spells: 0 memorised, 11 levels left

rFire  . . .     SeeInvis .     d - +6 battleaxe "Mefated" {speed, +Inv rPois Str+2}
rCold  . . .     Gourm    .     s - +6 plate armour
rNeg   . . .     Faith    .     (shield currently unavailable)
rPois  +         Spirit   .     x - +0 helmet
rElec  .         Dismiss  .     w - +0 cloak
rCorr  .         Reflect  .     y - +0 pair of gloves
MR     +....     Harm     .     (no boots)
Stlth  .......... NoTele   +    (no amulet)
                                u - +3 ring of strength
                                t - +3 ring of strength

@: very slightly contaminated, non-regenerating, slowed, very slow
A: damage resistance, recharge devices, sense surroundings 2, slow regeneration
3
a: Device Recharging, Minor Destruction, Lesser Servant of Makhleb, Major
Destruction, Greater Servant of Makhleb, Renounce Religion, Evoke Invisibility


You were in the Dungeon.
You worshipped Makhleb.
Makhleb was exalted by your worship.
You were not hungry.

You visited 1 branch You collected 64 gold pieces.

Inventory:

Hand Weapons
 a - a +0 war axe
 d - the +6 battleaxe "Mefated" (weapon) {speed, +Inv rPois Str+2}
   (You found it in the Dungeon)

   Attacks with this weapon are significantly faster.
   It affects your strength (+2).
   It protects you from poison.
   It lets you turn invisible.
 v - a +1 vampiric broad axe
 A - the +12 scimitar of the Equinox {flame, rN+}
   (You found it in the Dungeon)

   It has been specially enchanted to burn those struck by it, causing extra
   injury to most foes and up to half again as much damage against particularly
   susceptible opponents.
   Big, fiery blades are also staple armaments of hydra-hunters.
   It protects you from negative energy.
Armour
 b - a +0 scale mail
 c - a +0 shield
 s - a +6 plate armour (worn)
 w - a +0 cloak (worn)
 x - a +0 helmet (worn)
 y - a +0 pair of gloves (worn)
Jewellery
 t - a +3 ring of strength (left hand)
 u - a +3 ring of strength (right hand)
 D - an uncursed ring of protection from cold
 K - an uncursed ring of stealth
Wands
 e - a wand of heal wounds (6/9)
Scrolls
 n - 3 scrolls of remove curse
 o - 5 scrolls of amnesia
 p - a scroll of summoning
 F - a scroll of recharging
 H - a scroll of fog
Potions
 g - 12 potions of curing
 h - 7 potions of heal wounds
 i - a potion of haste
 j - 4 potions of magic
 k - 3 potions of berserk rage
 m - 2 potions of invisibility
 z - 3 potions of brilliance
 B - 2 potions of agility
 I - a potion of resistance
Miscellaneous
 E - a phantom mirror
 J - a box of beasts
Comestibles
 f - 8 bread rations
 q - 40 fruits
 r - 7 meat rations
 C - a slice of pizza


   Skills:
 + Level 19.8 Fighting
 + Level 22.7 Axes
 - Level 3.2 Armour
 - Level 3.2 Shields


You had 11 spell levels left.
You didn't know any spells.

Dungeon Overview and Level Annotations

Branches:
Dungeon (1/1)

Altars:
Ashenzari
Cheibriados
Dithmenos
Elyvilon
Fedhas
Gozag
Hepliaklqana
Kikubaaqudgha
Makhleb
Nemelex Xobeh
Okawaru
Qazlal
Ru
Sif Muna
Trog
Uskayaw
Vehumet
Xom
Yredelemnul
Zin
The Shining One
Beogh
Jiyva
Lugonu


Innate Abilities, Weirdness & Mutations

You are resistant to damage.
You can recharge devices by infusing magical energy.
You passively map the area around you.
You do not regenerate.


Message History

The death cob drains your vigour!
You feel as though you will be slow longer.
You feel much better. The death cob hits you!!
* * * LOW HITPOINT WARNING * * *
The death cob drains your vigour!
You feel as though you will be slow longer.
The death cob hits you but does no damage.
The death cob hits you.
* * * LOW HITPOINT WARNING * * *
The death cob hits you!
* * * LOW HITPOINT WARNING * * *
As you read the scroll of fear, it crumbles to dust.
You assume a fearsome visage.
The death cob is unaffected.
The sixfirhy is unaffected.
The deep elf blademaster resists with almost no effort.
The ice dragon looks frightened!
The troll looks frightened!
The death cob hits you!
* * * LOW HITPOINT WARNING * * *
The death cob misses you. The death cob hits you!!
You die...

#.##..# #''#* #''##########
)#.#..# ..... #{...)....... ,
, #)##..# #D##.##3T.).)......,
, ..†...#* #T3 .##..##########
* ......# ,':E* ##..# *, , ,
####### #%) #D.#, , * *,
####### *#e.#,, , ..##..#* *
#z.# ..##..# #@.# , ..''..#
*#..# * * ..''..##########.)#
,,, ..##...†..........#+*
..##..............# * ,
################### * * ** **
############# ### ###########*
............###..##....#..#..#
,,
.............#..##.#.#.#..#).#
,


You could see a deep elf blademaster, a death cob, an ice dragon (fleeing), a
troll (fleeing) and a sixfirhy.

Vanquished Creatures
  A death cob (D)
  A shadow dragon (D)
  A draconian scorcher (D)
  Erolcha (D)
  2 hydras (D)
  A spriggan air mage (D)
  A deep troll (D)
  A wizard (D)
  A swamp dragon (D)
  3 flayed ghosts (D)
  A lindwurm (D)
  A necromancer (D)
  2 manticores (D)
  Maurice (D)
  A black mamba (D)
  An elephant (D)
  A molten gargoyle (D)
  An eye of devastation (D)
  A smoke demon (D)
  2 kobold demonologists (D)
  A yaktaur (D)
  An ice devil (D)
  A guardian mummy (D)
  A hellwing (D)
  A red devil (D)
  A jumping spider (D)
  A giant leech (D)
  A polar bear (D)
  A two-headed ogre (D)
  A wind drake (D)
  A boulder beetle (D)
  4 blink frogs (D)
  A bog body (D)
  2 redbacks (D)
  A vampire (D)
  A spriggan (D)
  A fire elemental (D)
  A yak (D)
  2 fire bats (D)
  A hungry ghost (D)
  A steam dragon (D)
  A water moccasin (D)
  2 giant eyeballs (D)
  2 black bears (D)
  An ice beast (D)
  A wasp (D)
  7 wolves (D)
  An ogre (D)
  3 giant frogs (D)
  A scorpion (D)
  3 wights (D)
  2 small abominations (D)
  A jelly (D)
  A gnoll shaman (D)
  2 iguanas (D)
  2 worker ants (D)
  5 gnolls (D)
  An adder (D)
  A river rat (D)
  2 ufetubi (D)
  2 giant geckos (D)
  4 bats (D)
  2 bat skeletons (D)
  A goblin (D)
  2 jackals (D)
  2 quokkas (D)
  A ball python (D)
  2 giant newts (D)
  A jackal simulacrum (D)
  3 kobolds (D)
  A quokka simulacrum (D)
  A rat (D)
112 creatures vanquished.

Vanquished Creatures (others)
  A wolf (D)
  A wight (D)
2 creatures vanquished.

Grand Total: 114 creatures vanquished

Notes
Turn   | Place    | Note
-------+----------+-------------------------------------------
     0 | D        | Deeps the Deep Dwarf Fighter began the quest for the Orb.
     0 | D        | Reached XP level 1. HP: 20/20 MP: 1/1
    43 | D        | Found a radiant altar of Vehumet.
    43 | D        | Found a hide-covered altar of Uskayaw.
    43 | D        | Found an ancient bone altar of Kikubaaqudgha.
    43 | D        | Found a viscous altar of Jiyva.
    43 | D        | Found a hazy altar of Hepliaklqana.
    44 | D        | Found a bloodstained altar of Trog.
    44 | D        | Found a deep blue altar of Sif Muna.
    44 | D        | Found a sacrificial altar of Ru.
    44 | D        | Found a stormy altar of Qazlal.
    44 | D        | Found an iron altar of Okawaru.
    44 | D        | Found a sparkling altar of Nemelex Xobeh.
    44 | D        | Found an opulent altar of Gozag.
    44 | D        | Found a blossoming altar of Fedhas.
    44 | D        | Found a white marble altar of Elyvilon.
    44 | D        | Found a shadowy altar of Dithmenos.
    44 | D        | Found a snail-covered altar of Cheibriados.
    45 | D        | Found a glowing golden altar of the Shining One.
    45 | D        | Found a glowing silver altar of Zin.
    46 | D        | Found a burning altar of Makhleb.
    46 | D        | Found a basalt altar of Yredelemnul.
    46 | D        | Found a roughly hewn altar of Beogh.
    47 | D        | Found a corrupted altar of Lugonu.
    47 | D        | Found a shimmering altar of Xom.
    47 | D        | Found a shattered altar of Ashenzari.
    54 | D        | Became a worshipper of Makhleb the Destroyer
    80 | D        | Reached skill level 3 in Axes
    90 | D        | Reached * piety under Makhleb
    90 | D        | Reached skill level 4 in Axes
    90 | D        | Reached XP level 2. HP: 27/30 MP: 2/2
    92 | D        | Noticed a giant eyeball
    98 | D        | Killed a giant eyeball
    98 | D        | Reached skill level 7 in Axes
    98 | D        | Reached XP level 3. HP: 42/42 MP: 3/3
    98 | D        | Reached XP level 4. HP: 49/49 MP: 4/4
   101 | D        | Noticed a black bear
   106 | D        | Reached ** piety under Makhleb
   116 | D        | Killed a black bear
   116 | D        | Reached skill level 9 in Axes
   116 | D        | Reached XP level 5. HP: 35/58 MP: 5/5
   178 | D        | Noticed an ogre
   190 | D        | Reached *** piety under Makhleb
   193 | D        | Killed an ogre
   193 | D        | Reached skill level 10 in Axes
   193 | D        | Reached XP level 6. HP: 60/68 MP: 6/6
   224 | D        | Reached **** piety under Makhleb
   239 | D        | Reached skill level 10 in Fighting
   239 | D        | Reached skill level 11 in Axes
   256 | D        | Reached XP level 7. HP: 65/79 MP: 7/7
   271 | D        | Reached ***** piety under Makhleb
   271 | D        | Reached skill level 12 in Axes
   291 | D        | Noticed a redback
   291 | D        | Noticed a fire bat
   297 | D        | Killed a redback
   297 | D        | Reached skill level 13 in Axes
   315 | D        | Killed a fire bat
   315 | D        | Reached XP level 8. HP: 57/91 MP: 8/8
   420 | D        | Noticed an elephant
   420 | D        | Noticed a molten gargoyle
   434 | D        | Killed an elephant
   434 | D        | Reached skill level 14 in Axes
   448 | D        | Killed a molten gargoyle
   461 | D        | Noticed a flayed ghost
   461 | D        | Noticed a flayed ghost
   466 | D        | Noticed a wind drake
   467 | D        | Noticed a red devil
   470 | D        | Reached ****** piety under Makhleb
   485 | D        | HP: 1/93 [wind drake/the air (11)]
   487 | D        | Killed a flayed ghost
   487 | D        | Reached skill level 15 in Axes
   487 | D        | Gained mutation: You passively map the area around you. [Deep Dwarf growth]
   487 | D        | Reached XP level 9. HP: 40/102 MP: 9/9
   492 | D        | Killed a flayed ghost
   492 | D        | Reached skill level 16 in Axes
   500 | D        | Killed a wind drake
   519 | D        | Killed a red devil
   546 | D        | Got the +6 battleaxe "Mefated" {speed, +Inv rPois Str+2}
   561 | D        | Noticed a smoke demon
   567 | D        | Noticed a guardian mummy
   582 | D        | Reached skill level 17 in Axes
   582 | D        | Reached XP level 10. HP: 90/114 MP: 8/8
   585 | D        | Reached skill level 15 in Fighting
   586 | D        | Killed a smoke demon
   625 | D        | Noticed a black mamba
   626 | D        | Noticed Maurice
   631 | D        | Killed a black mamba
   635 | D        | Killed Maurice
   635 | D        | Reached skill level 18 in Axes
   663 | D        | Noticed Erolcha
   665 | D        | Noticed a necromancer
   667 | D        | Noticed a deep troll
   680 | D        | Killed a deep troll
   693 | D        | Killed Erolcha
   693 | D        | Reached skill level 19 in Axes
   697 | D        | Killed a necromancer
   697 | D        | Reached XP level 11. HP: 127/127 MP: 9/9
   707 | D        | Noticed a wizard
   707 | D        | Paralysed by a giant eyeball for 2 turns
   720 | D        | Killed a wizard
   892 | D        | Noticed a flayed ghost
   897 | D        | Killed a flayed ghost
   902 | D        | Reached skill level 20 in Axes
   965 | D        | Noticed a mottled draconian scorcher
   976 | D        | Killed a mottled draconian scorcher
   982 | D        | Noticed a death cob
   990 | D        | Killed a death cob
   990 | D        | Reached skill level 21 in Axes
   999 | D        | Noticed a shadow dragon
  1012 | D        | Killed a shadow dragon
  1012 | D        | Reached XP level 12. HP: 82/141 MP: 10/10
  1033 | D        | Noticed a five-headed hydra
  1040 | D        | Noticed a five-headed hydra
  1084 | D        | Killed a 13-headed hydra
  1084 | D        | Reached skill level 22 in Axes
  1101 | D        | Noticed a spriggan air mage
  1108 | D        | Killed a ten-headed hydra
  1124 | D        | Killed a spriggan air mage
  1144 | D        | Got the +12 scimitar of the Equinox {flame, rN+}
  1190 | D        | Noticed a death cob
  1190 | D        | Noticed a deep elf blademaster
  1190 | D        | Noticed an ice dragon
  1190 | D        | Noticed a vampire mage
  1205 | D        | HP: 1/144 [death cob (14)]
  1205 | D        | Demolished by a death cob

Vault maps used:
D:        pitsprint

Skill      XL: |  1  2  3  4  5  6  7  8  9 10 11 12 |
---------------+-------------------------------------+-----
Fighting       | 4 6 8 10 11 13 14 16 18 19 | 19.8
Axes           | 4 7 9 10 11 13 15 17 19 21 22 | 22.7
Armour         | |  3.2
Shields        | |  3.2

Action                   |  1- 3 |  4- 6 |  7- 9 | 10-12 || total
-------------------------+-------+-------+-------+-------++-------
Melee: War axe           |    25 |    56 |   101 |       ||   182
       Battleaxe         |       |       |    20 |   211 ||   231
Invok: Lesser Servant of |       |       |       |     1 ||     1
 Abil: Device Recharging |       |       |     2 |     1 ||     3
Evoke: Wand              |       |     1 |     4 |     8 ||    13
       Box of beasts     |       |       |       |     1 ||     1
  Use: Potion            |       |       |     8 |     2 ||    10
       Scroll            |       |       |       |     9 ||     9
  Eat: Chunk             |       |       |       |     1 ||     1
       Bread ration      |       |       |       |     1 ||     1
Armor: Scale mail        |     8 |     6 |       |       ||    14
       Plate armour      |       |    14 |    62 |   171 ||   247
Dodge: Dodged            |    11 |    20 |    22 |    66 ||   119
Block: Shield            |    12 |    35 |    54 |       ||   101
